 Dungeon Sprint DCSS version 0.18-a0-46-g45ca8e4 (webtiles) character file.

508662 ololoev the Archmage (level 19, 121/121 (122) HPs)
             Began as a Deep Elf Fire Elementalist on Nov 6, 2015.
             Was the Champion of Vehumet.
             Escaped with the Orb!
             The game lasted 00:58:07 (4264 turns).

ololoev the Archmage (Deep Elf Fire Elementalist)   Turns: 4264, Time: 00:58:07

HP:   121/121 (122) AC: 20    Str:  7    XL:     19   Next: 74%
MP:   52/52         EV: 43    Int: 35    God:    Vehumet [******]
Gold: 0             SH: 33    Dex: 24    Spells: 9 memorised, 21 levels left

rFire  + . .     SeeInvis .     a - staff of conjuration
rCold  + + .     Clarity  .     P - +1 robe of Somewhere Else {rPois rCorr Str+2 Dex-4} (curse)
rNeg   + + +     SustAt   .     z - +18 shield of the gong {rElec rN+ MR+ EV-5}
rPois  +         Gourm    .     (helmet restricted)
rElec  +         Spirit   .     J - +2 cloak of Starlight {rElec rC+ EV+4 Stlth--}
rCorr  +         Warding  +     Q - +0 pair of gloves of the Countless Mice {Dex+7} (curse)
rMut   .         NoTele   +     F - +1 pair of boots of the Salamander {Dex+2}
MR     +++..                    k - macabre finger necklace {Ward rN+}
Stlth  +.........               K - ring of the Firefly {rF+ rC+ rN+ AC+4}
                                B - +6 ring of intelligence
                                D - ring of Shaolin {EV+8}

@: very slightly contaminated, hasted, delayed fireball, repel missiles, very
quick, extremely resistant to hostile enchantments, very unstealthy
A: horns 1, icy blue scales 1, rugged brown scales 1, slimy green scales 1,
agile 2, frail 1, magic resistance 1
a: Renounce Religion, Release Delayed Fireball
0: Orb of Zot


Innate Abilities, Weirdness & Mutations

You have a pair of small horns on your head.
You are partially covered in icy blue scales (AC +1).
You are partially covered in rugged brown scales (AC +1, +3% HP).
You are partially covered in slimy green scales (AC +2).
You are very agile. (Dex +4)
You are frail (-10% HP).
You are resistant to hostile enchantments.

Inventory:

Hand Weapons
 A - the +9 lance "Wyrmbane" {slay drac, +Rage rPois rF+ AC+5}
   (You found it in the Dungeon)

   It affects your AC (+5).
   It protects you from fire.
   It protects you from poison.
   It lets you go berserk.
Armour
 z - the +18 shield of the gong (worn) {rElec rN+ MR+ EV-5}
   (You found it in the Dungeon)

   It affects your evasion (-5).
   It insulates you from electricity.
   It protects you from negative energy.
   It affects your resistance to hostile enchantments.
 F - the +1 pair of boots of the Salamander (worn) {Dex+2}
   (You found it in the Dungeon)

   It affects your dexterity (+2).
 J - the +2 cloak of Starlight (worn) {rElec rC+ EV+4 Stlth--}
   (You found it in the Dungeon)

   It affects your evasion (+4).
   It protects you from cold.
   It insulates you from electricity.
   It makes you much less stealthy.
 P - the cursed +1 robe of Somewhere Else (worn) {rPois rCorr Str+2 Dex-4}
   (You found it in the Dungeon)

   It affects your strength (+2).
   It affects your dexterity (-4).
   It protects you from poison.
   It protects you from acid and corrosion.
   It has a curse placed upon it.
 Q - the cursed +0 pair of gloves of the Countless Mice (worn) {Dex+7}
   (You found it in the Dungeon)

   It affects your dexterity (+7).
   It has a curse placed upon it.
Magical Staves
 a - an uncursed staff of conjuration (weapon)
 b - an uncursed staff of energy
 n - an uncursed staff of wizardry
Rods
 I - a +2 rod of shadows (12/12)
   (You found it in the Dungeon)
Jewellery
 k - the macabre finger necklace (around neck) {Ward rN+}
   (You found it in the Dungeon)

   [amulet of warding]

   It may prevent the melee attacks of summoned creatures.
   It protects you from negative energy.
 B - a +6 ring of intelligence (left hand)
 D - the ring of Shaolin (on amulet) {EV+8}
   (You found it in the Dungeon)

   [ring of evasion]

   It affects your evasion (+8).
 K - the ring of the Firefly (right hand) {rF+ rC+ rN+ AC+4}
   (You found it in the Dungeon)

   [ring of protection]

   It affects your AC (+4).
   It protects you from fire.
   It protects you from cold.
   It protects you from negative energy.
Wands
 m - a wand of hasting (5)
 M - a wand of heal wounds (7)
Scrolls
 i - 2 scrolls of blinking
 p - 4 scrolls of amnesia
 q - a scroll of recharging
 r - 7 scrolls of fog
 s - 3 scrolls of holy word
 t - 3 scrolls of identify
 u - 4 scrolls of remove curse
 v - 2 scrolls of fear
 G - 4 scrolls of enchant armour
Potions
 d - a potion of curing
 f - 4 potions of haste
 g - 5 potions of magic
 l - a potion of resistance
Miscellaneous
 h - a fan of gales
 y - an ornate deck of defence
 E - a legendary deck of defence {drawn: 2}
 H - an ornate deck of escape {drawn: 1}
 L - a lamp of fire
 N - an ornate deck of defence
Comestibles
 c - 5 bread rations
 w - 28 fruits
 x - 4 meat rations


   Skills:
 + Level 18.8 Fighting
 + Level 16.5 Armour
 + Level 23.7 Dodging
 - Level 2.4 Stealth
 + Level 19.1 Shields
 O Level 27 Spellcasting
 O Level 27 Conjurations
 - Level 10.7 Hexes
 - Level 9.4 Charms
 O Level 27 Fire Magic
 O Level 27 Air Magic
 + Level 26.1 Evocations


You had 21 spell levels left. You knew the following spells: Your Spells Type Power Failure Level Hunger a - Fire Storm Conj/Fire #########. 1% 9 ##..... b - Tornado Air ########.. 1% 9 ##..... c - Bolt of Fire Conj/Fire #########. 0% 6 None d - Ring of Flames Chrm/Fire ########.. 1% 7 None e - Delayed Fireball Conj/Fire N/A 1% 7 None f - Fulminant Prism Conj/Hex ########.. 0% 4 None g - Orb of Destruction Conj #########. 1% 7 None h - Fireball Conj/Fire #########. 0% 5 None i - Repel Missiles Chrm/Air ###### 0% 2 None You escaped. You worshipped Vehumet. Vehumet was exalted by your worship. You were not hungry. You visited 1 branch ............▓.............▓...8§8 ............▓..▓...(...▓..▓..)§}§ .)..........▓......÷.)....▓..:§§§ ............▓........[÷...▓...††. ............▓......).)....▓...... .....|......▓▓▓▓▓▓▓▓▓▓▓▓▓▓▓...... ............▓8888888888888▓...... ▓.......▓...▓8.§.........8▓..▓÷.. ............▓8..@§.......8▓.▓.... ............▓8.§§........8▓...... ............▓8888888888888▓▓▓▓▓▓▓ ▓▓▓▓▓▓▓▓▓▓▓▓▓▓▓▓▓▓▓▓▓▓▓▓▓▓▓▓▓▓▓▓▓ .....8©8........▓........8©8..... [.)).|.[:|[:})}.▓.)|:=:[=[})}}=:: )}[:|.).)..[))[.▓.)..==)}?)|)}:?: }.[))[))))}:)|).▓.):|}\}):)|:)?=| ).)))))..).)....▓.......=)[))††..

Notes
Turn   | Place    | Note
--------------------------------------------------------------
     0 | D        | ololoev the Deep Elf Fire Elementalist began the quest for the Orb.
     0 | D        | Reached XP level 1. HP: 10/10 MP: 6/6
     0 | D        | Found a roughly hewn altar of Beogh.
     0 | D        | Found a corrupted altar of Lugonu.
     0 | D        | Found a viscous altar of Jiyva.
     0 | D        | Found a white marble altar of Elyvilon.
     0 | D        | Found a sparkling altar of Nemelex Xobeh.
     0 | D        | Found a burning altar of Makhleb.
     0 | D        | Found an iron altar of Okawaru.
     0 | D        | Found a deep blue altar of Sif Muna.
     0 | D        | Found a radiant altar of Vehumet.
     0 | D        | Found a bloodstained altar of Trog.
     0 | D        | Found a shimmering altar of Xom.
    50 | D        | Became a worshipper of Vehumet
    55 | D        | Reached skill level 6 in Shields
    55 | D        | Reached XP level 2. HP: 15/15 MP: 8/8
    59 | D        | Entered arena 1.
    59 | D        | Noticed a hell hound
    65 | D        | Killed a hell hound
    65 | D        | Reached skill level 7 in Shields
    65 | D        | Reached skill level 5 in Spellcasting
    65 | D        | Reached XP level 3. HP: 19/19 MP: 8/11
    65 | D        | Reached XP level 4. HP: 24/24 MP: 9/13
    67 | D        | Reached * piety under Vehumet
    67 | D        | Offered knowledge of Sting by Vehumet.
   126 | D        | Entered arena 2.
   126 | D        | Noticed a deep elf knight
   126 | D        | Noticed a deep elf summoner
   126 | D        | Noticed a deep elf mage
   135 | D        | Killed a deep elf summoner
   135 | D        | Reached skill level 8 in Shields
   135 | D        | Reached skill level 5 in Conjurations
   135 | D        | Reached XP level 5. HP: 28/28 MP: 14/17
   135 | D        | Reached XP level 6. HP: 32/32 MP: 14/18
   140 | D        | Killed a deep elf mage
   140 | D        | Reached skill level 9 in Shields
   146 | D        | Killed a deep elf knight
   146 | D        | Reached skill level 10 in Shields
   146 | D        | Reached XP level 7. HP: 33/36 MP: 17/22
   146 | D        | Reached XP level 8. HP: 37/41 MP: 17/23
   153 | D        | Learned a level 5 spell: Fireball
   189 | D        | Entered arena 3.
   201 | D        | Reached ** piety under Vehumet
   201 | D        | Reached skill level 10 in Spellcasting
   247 | D        | Entered arena 4.
   248 | D        | Offered knowledge of Freeze by Vehumet.
   248 | D        | Reached *** piety under Vehumet
   253 | D        | Reached skill level 11 in Shields
   270 | D        | Learned a level 7 spell: Delayed Fireball
   277 | D        | Learned a level 6 spell: Bolt of Fire
   285 | D        | Learned a level 7 spell: Ring of Flames
   327 | D        | Entered arena 5.
   327 | D        | Noticed a fire drake
   327 | D        | Noticed a fire drake
   329 | D        | Reached **** piety under Vehumet
   329 | D        | Reached skill level 1 in Evocations
   332 | D        | Killed a fire drake
   332 | D        | Reached skill level 10 in Fire Magic
   334 | D        | Killed a fire drake
   334 | D        | Reached ***** piety under Vehumet
   334 | D        | Reached XP level 9. HP: 25/45 MP: 7/26
   503 | D        | Entered arena 6.
   503 | D        | Noticed a komodo dragon
   503 | D        | Noticed a shining eye
   506 | D        | Offered knowledge of Throw Frost by Vehumet.
   506 | D        | Reached skill level 10 in Conjurations
   506 | D        | Killed a komodo dragon
   507 | D        | Killed a shining eye
   507 | D        | Reached skill level 12 in Shields
   510 | D        | Reached skill level 5 in Evocations
   743 | D        | Entered arena 7.
   743 | D        | Noticed a cyclops
   744 | D        | Offered knowledge of Mephitic Cloud by Vehumet.
   745 | D        | Reached ****** piety under Vehumet
   745 | D        | Reached skill level 1 in Fighting
   745 | D        | Reached skill level 1 in Charms
   745 | D        | Killed a cyclops
   745 | D        | Reached XP level 10. HP: 49/52 MP: 22/28
   792 | D        | Entered arena 8.
   815 | D        | Got the ring "Xeosepn" {Wiz +Blink MP-9 Str+4 SInv}
   819 | D        | Entered arena 9.
   821 | D        | Reached skill level 5 in Dodging
   844 | D        | Entered arena 10.
   844 | D        | Noticed a spriggan rider
   844 | D        | Noticed a spriggan druid
   845 | D        | Reached skill level 5 in Charms
   845 | D        | Reached skill level 13 in Fire Magic
   846 | D        | Killed a spriggan rider
   847 | D        | Killed a spriggan druid
   847 | D        | Reached XP level 11. HP: 60/60 MP: 24/30
   870 | D        | Got the amulet "Aniawko" {Clar Stlth+}
   886 | D        | Learned a level 9 spell: Tornado
   911 | D        | Entered arena 11.
   911 | D        | Noticed a vampire knight
   911 | D        | Noticed a vampire knight
   913 | D        | Killed a vampire knight
   914 | D        | Killed a vampire knight
   921 | D        | Reached skill level 14 in Fire Magic
   929 | D        | Got the +1 pair of boots of the Salamander {Dex+2}
   953 | D        | Entered arena 12.
   953 | D        | Noticed a death drake
   954 | D        | Noticed an ice dragon
   954 | D        | Noticed a five-headed hydra
   954 | D        | Noticed a swamp dragon
   954 | D        | Offered knowledge of Fulminant Prism by Vehumet.
   955 | D        | Noticed an ice dragon
   955 | D        | Killed a five-headed hydra
   956 | D        | Killed an ice dragon
   956 | D        | Killed a death drake
   956 | D        | Reached skill level 5 in Fighting
   957 | D        | Noticed a fire dragon
   958 | D        | Killed an ice dragon
   959 | D        | Killed a swamp dragon
   973 | D        | Killed a fire dragon
   992 | D        | Identified the Compendium of the Arsonist (You found it in the Dungeon)
   992 | D        | Identified the Compendium of the Arsonist (You found it in the Dungeon)
   997 | D        | Learned a level 4 spell: Fulminant Prism
  1021 | D        | Entered arena 13.
  1022 | D        | Noticed a soul eater
  1023 | D        | Offered knowledge of Venom Bolt by Vehumet.
  1024 | D        | Noticed a soul eater
  1027 | D        | Killed a soul eater
  1027 | D        | Reached skill level 1 in Hexes
  1027 | D        | Reached skill level 15 in Fire Magic
  1027 | D        | Killed a soul eater
  1027 | D        | Reached XP level 12. HP: 69/69 MP: 23/32
  1072 | D        | Entered arena 14.
  1073 | D        | Noticed a reaper
  1079 | D        | Reached skill level 15 in Conjurations
  1079 | D        | Killed a reaper
  1132 | D        | Got the ring of Usudus {rF++ Dex+2 Stlth-}
  1265 | D        | Entered arena 15.
  1266 | D        | Noticed a great orb of eyes
  1266 | D        | Noticed a great orb of eyes
  1266 | D        | Noticed a great orb of eyes
  1266 | D        | Noticed an azure jelly
  1268 | D        | Noticed a great orb of eyes
  1268 | D        | Noticed an acid blob
  1268 | D        | Noticed an acid blob
  1268 | D        | Killed a great orb of eyes
  1268 | D        | Killed a great orb of eyes
  1268 | D        | Offered knowledge of Bolt of Magma by Vehumet.
  1268 | D        | Reached skill level 15 in Spellcasting
  1268 | D        | Reached skill level 5 in Hexes
  1269 | D        | Reached skill level 16 in Fire Magic
  1269 | D        | Killed an acid blob
  1269 | D        | Reached skill level 10 in Dodging
  1270 | D        | Noticed a death ooze
  1270 | D        | Killed a great orb of eyes
  1270 | D        | Killed an azure jelly
  1271 | D        | Killed a great orb of eyes
  1272 | D        | Killed a death ooze
  1272 | D        | Killed an acid blob
  1272 | D        | Reached skill level 17 in Fire Magic
  1272 | D        | Reached XP level 13. HP: 75/77 MP: 31/34
  1296 | D        | Got the ring of Ujukly {+Inv +Fly MR- Str+7}
  1336 | D        | Gained mutation: You are partially covered in rugged brown scales (AC +1, +3% HP). [helix card]
  1339 | D        | Entered arena 16.
  1344 | D        | Noticed a lich
  1344 | D        | Noticed a shadow dragon
  1350 | D        | Killed a shadow dragon
  1351 | D        | Killed a lich
  1351 | D        | Reached skill level 15 in Shields
  1351 | D        | Reached skill level 10 in Hexes
  1351 | D        | Reached skill level 18 in Fire Magic
  1563 | D        | Entered arena 17.
  1566 | D        | Noticed a greater naga
  1566 | D        | Noticed a greater naga
  1566 | D        | Noticed a greater naga
  1568 | D        | Offered knowledge of Orb of Destruction by Vehumet.
  1569 | D        | Killed a greater naga
  1569 | D        | Noticed a greater naga
  1571 | D        | Reached XP level 14. HP: 39/88 MP: 33/37
  1573 | D        | Killed a greater naga
  1573 | D        | Killed a greater naga
  1573 | D        | Reached skill level 10 in Air Magic
  1575 | D        | Killed a greater naga
  1683 | D        | Learned a level 7 spell: Orb of Destruction
  1693 | D        | Entered arena 18.
  1696 | D        | Noticed a spriggan defender
  1697 | D        | Noticed a spriggan defender
  1700 | D        | Killed a spriggan defender
  1700 | D        | Offered knowledge of Spellforged Servitor by Vehumet.
  1708 | D        | Killed a spriggan defender
  1708 | D        | Reached skill level 15 in Air Magic
  2065 | D        | Entered arena 19.
  2073 | D        | Offered knowledge of Freezing Cloud by Vehumet.
  2077 | D        | Reached skill level 19 in Air Magic
  2082 | D        | Reached skill level 20 in Air Magic
  2091 | D        | Reached XP level 15. HP: 25/92 MP: 31/38
  2092 | D        | Reached skill level 21 in Air Magic
  2358 | D        | Entered arena 20.
  2366 | D        | Offered knowledge of Conjure Ball Lightning by Vehumet.
  2565 | D        | Got the ring of the Firefly {rF+ rC+ rN+ AC+4}
  2590 | D        | Got the cursed +1 robe of Somewhere Else {rPois rCorr Str+2 Dex-4}
  2674 | D        | Entered arena 21.
  2678 | D        | Noticed a titan
  2679 | D        | Noticed a glowing shapeshifter
  2679 | D        | Noticed an azure jelly
  2679 | D        | Offered knowledge of Poisonous Cloud by Vehumet.
  2679 | D        | Noticed a shard shrike
  2679 | D        | a glowing shapeshifter changed into a shard shrike
  2680 | D        | Noticed a juggernaut
  2680 | D        | Reached skill level 10 in Fighting
  2681 | D        | Noticed a titan
  2681 | D        | a shard shrike changed into a titan
  2682 | D        | Noticed a titan
  2682 | D        | an azure jelly changed into a catoblepas
  2682 | D        | Noticed a shard shrike
  2682 | D        | a titan changed into a shard shrike
  2683 | D        | Noticed a shard shrike
  2683 | D        | Noticed a juggernaut
  2683 | D        | a shard shrike changed into a juggernaut
  2683 | D        | Noticed a juggernaut
  2683 | D        | a shard shrike changed into a juggernaut
  2685 | D        | Noticed a shard shrike
  2685 | D        | Noticed a shard shrike
  2685 | D        | a juggernaut changed into a shard shrike
  2686 | D        | Noticed a shard shrike
  2686 | D        | a juggernaut changed into a shard shrike
  2687 | D        | Noticed a quicksilver dragon
  2688 | D        | Noticed a juggernaut
  2688 | D        | Killed a shard shrike
  2688 | D        | Noticed a sphinx
  2688 | D        | a quicksilver dragon changed into a sphinx
  2689 | D        | Noticed a titan
  2689 | D        | a juggernaut changed into a titan
  2689 | D        | Noticed a sphinx
  2689 | D        | a titan changed into a sphinx
  2689 | D        | Noticed a juggernaut
  2689 | D        | a shard shrike changed into a juggernaut
  2690 | D        | Killed a titan
  2690 | D        | Killed a shard shrike
  2691 | D        | Killed a sphinx
  2691 | D        | Reached skill level 15 in Dodging
  2691 | D        | Noticed a titan
  2691 | D        | a juggernaut changed into a titan
  2692 | D        | Killed a juggernaut
  2692 | D        | Reached skill level 10 in Evocations
  2697 | D        | Noticed a shard shrike
  2697 | D        | a titan changed into a shard shrike
  2697 | D        | Noticed a shard shrike
  2697 | D        | a titan changed into a shard shrike
  2703 | D        | Noticed a storm dragon
  2703 | D        | a minotaur changed into a storm dragon
  2704 | D        | Killed a sphinx
  2704 | D        | Noticed a juggernaut
  2704 | D        | a shard shrike changed into a juggernaut
  2705 | D        | Killed a shard shrike
  2705 | D        | Reached skill level 22 in Air Magic
  2705 | D        | Reached XP level 16. HP: 47/107 MP: 17/41
  2707 | D        | Noticed a titan
  2707 | D        | a juggernaut changed into a titan
  2709 | D        | Killed a titan
  2736 | D        | Got the ring "Dumemaint" {-Tele rElec rPois EV+4 Int+2}
  2753 | D        | Gained mutation: You are frail (-10% HP). [mutagenic meat]
  2758 | D        | Gained mutation: Your body sometimes deteriorates upon taking damage. [mutagenic meat]
  2763 | D        | Gained mutation: You have an increased reservoir of magic (+10% MP). [mutagenic meat]
  2764 | D        | Gained mutation: You are partially covered in icy blue scales (AC +1). [mutagenic meat]
  2765 | D        | Gained mutation: You are resistant to hostile enchantments. [mutagenic meat]
  2766 | D        | Lost mutation: You have an increased reservoir of magic (+10% MP). [mutagenic meat]
  2767 | D        | Lost mutation: Your body sometimes deteriorates upon taking damage. [mutagenic meat]
  2771 | D        | Gained mutation: You tend to lose your temper in combat. [mutagenic meat]
  2773 | D        | Lost mutation: You tend to lose your temper in combat. [mutagenic meat]
  2774 | D        | Gained mutation: You are partially covered in slimy green scales (AC +2). [mutagenic meat]
  2780 | D        | Gained mutation: Your body sometimes deteriorates upon taking damage. [mutagenic meat]
  2787 | D        | Gained mutation: You are agile. (Dex +2) [mutagenic meat]
  2816 | D        | Gained mutation: You are dopey. (Int -2) [mutagenic meat]
  2818 | D        | Gained mutation: You are very agile. (Dex +4) [mutagenic meat]
  2819 | D        | Lost mutation: Your body sometimes deteriorates upon taking damage. [mutagenic meat]
  2820 | D        | Gained mutation: You have a pair of small horns on your head. [mutagenic meat]
  2821 | D        | Lost mutation: You are dopey. (Int -2) [mutagenic meat]
  2928 | D        | Entered arena 22.
  2941 | D        | Offered knowledge of Fire Storm by Vehumet.
  2941 | D        | Offered knowledge of Glaciate by Vehumet.
  2941 | D        | Offered knowledge of Chain Lightning by Vehumet.
  3209 | D        | Entered arena 23.
  3222 | D        | Reached skill level 23 in Air Magic
  3227 | D        | Reached skill level 15 in Evocations
  3242 | D        | Got the ring "Iskiheh" {+Fly rPois rF+++ rC- Stlth-}
  3321 | D        | Entered arena 24.
  3329 | D        | Noticed a deep elf blademaster
  3329 | D        | Noticed a deep elf blademaster
  3330 | D        | Noticed a deep elf blademaster
  3334 | D        | Reached XP level 17. HP: 104/104 MP: 35/45
  3337 | D        | Reached skill level 24 in Air Magic
  3393 | D        | Learned a level 9 spell: Fire Storm
  3457 | D        | Entered arena 25.
  3469 | D        | Reached skill level 25 in Spellcasting
  3472 | D        | Reached skill level 26 in Spellcasting
  3476 | D        | Reached XP level 18. HP: 88/108 MP: 36/50
  3481 | D        | Reached skill level 27 in Spellcasting
  3881 | D        | Got the cursed +0 pair of gloves of the Countless Mice {Dex+7}
  3926 | D        | Learned a level 2 spell: Repel Missiles
  3946 | D        | Entered arena 26.
  3960 | D        | Reached skill level 27 in Air Magic
  4030 | D        | Got the ring "Hyrim" {rC+ rN+ Str+4 Int+2}
  4034 | D        | Got a ring of the Octopus King {MP+9 AC+1 EV+1 Str+1 Int+1 Dex+1}
  4103 | D        | Entered arena 27.
  4113 | D        | Noticed an ancient lich
  4113 | D        | Noticed a lich
  4113 | D        | Noticed an ancient lich
  4114 | D        | Reached skill level 1 in Armour
  4114 | D        | Reached skill level 27 in Fire Magic
  4115 | D        | Reached skill level 15 in Fighting
  4115 | D        | Killed a lich
  4115 | D        | Reached skill level 5 in Armour
  4116 | D        | Noticed an ancient lich
  4116 | D        | Reached skill level 27 in Conjurations
  4116 | D        | Killed a lich
  4116 | D        | Killed a lich
  4117 | D        | Killed an ancient lich
  4117 | D        | Reached skill level 10 in Armour
  4117 | D        | Killed a lich
  4118 | D        | Reached XP level 19. HP: 112/115 MP: 44/52
  4119 | D        | Killed an ancient lich
  4120 | D        | Noticed an ancient lich
  4122 | D        | Killed an ancient lich
  4124 | D        | Reached skill level 15 in Armour
  4126 | D        | Killed an ancient lich
  4128 | D        | Identified the +5 broad axe of Pilumeir {drain, rF+ Dex+3}
  4259 | D        | Got the Orb of Zot
  4264 | D        | Escaped with the Orb!

Dungeon Overview and Level Annotations

Branches:
Dungeon (1/1)

Altars:
Ashenzari
Cheibriados
Dithmenos
Elyvilon
Fedhas
Gozag
Kikubaaqudgha
Makhleb
Nemelex Xobeh
Okawaru
Qazlal
Ru
Sif Muna
Trog
Vehumet
Xom
Yredelemnul
Zin
The Shining One
Beogh
Jiyva
Lugonu


Message History

You see here a chain mail.
You see here the cursed +0 pair of boots "Goumox" {Dex+2}.
Found a +0 short sword of draining and a book of Geomancy.
You see here a plain deck of changes.
You see here a +2 trident of protection.
e - the amulet of the Air {Inacc +Fly rElec EV+5 RMsl} You drop the amulet of the Air {Inacc +Fly rElec EV+5 RMsl}.
You see here a war axe.
You see here a legendary deck of summoning.
You see here the +2 cloak "Cujuat" {rC+ Int+2 Stlth+}.
Wear which item? (? for menu, Esc to quit)
Okay, then.
You see here a book of Geomancy.
You see here an uncursed staff of conjuration.
You see here a war axe.
You see here the amulet of the Air {Inacc +Fly rElec EV+5 RMsl}.
You see here a +2 trident of protection.
You see here a plain deck of changes.
You start resting.
HP restored.
You start waiting.
Your magical contamination has completely faded away.
Evoke which item? (* to show all) (? for menu, Esc to quit)
Okay, then.
Read which item? (? for menu, Esc to quit)
Charge which item? (? for menu, Esc to quit)
As you read the scroll of recharging, it crumbles to dust.
Your wand of hasting (0) glows for a moment and now has 5 charges.
Drink which item? (? for menu, Esc to quit)
You feel yourself speed up.
You are very lightly contaminated with residual magic.
An exit appears before you!
Your surroundings seem different!
Found the Orb of Zot.
Found a staircase leading out of the dungeon.
You see here the Orb of Zot.
You pick up the Orb of Zot!
The Orb lets out a hideous shriek!
The lords of Pandemonium are not amused.
Beware!
Now all you have to do is get back out of the dungeon!
There is a staircase leading out of the dungeon here.
You have escaped!

There were no monsters in sight!

Vanquished Creatures
  A juggernaut (shapeshifter) (D)
  4 ancient liches (D)
  3 shard shrikes (shapeshifter) (D)
  9 liches (D)
  A titan (D)
  2 acid blobs (D)
  3 deep elf blademasters (D)
  2 titans (shapeshifter) (D)
  2 thorn hunters (D)
  2 sphinxes (shapeshifter) (D)
  7 greater nagas (D)
  8 shadow dragons (D)
  An azure jelly (D)
  8 deep elf sorcerers (D)
  A ghost moth (D)
  2 draconian knights (D)
  A ghost moth (shapeshifter) (D)
  An emperor scorpion (D)
  2 draconian scorchers (D)
  A draconian zealot (D)
  3 draconian shifters (D)
  A reaper (D)
  A draconian annihilator (D)
  6 spriggan defenders (D)
  4 draconian callers (D)
  3 apis (D)
  5 stone giants (D)
  4 black draconians (D)
  8 white draconians (D)
  3 deep elf annihilators (D)
  2 vampire knights (D)
  4 green draconians (D)
  5 purple draconians (D)
  2 red draconians (D)
  A dire elephant (D)
  4 mottled draconians (D)
  5 yellow draconians (D)
  A death ooze (D)
  38 vault guards (D)
  4 great orbs of eyes (D)
  3 merfolk javelineers (D)
  6 deep elf high priests (D)
  A fire dragon (D)
  An entropy weaver (D)
  6 naga warriors (D)
  5 yaktaur captains (D)
  9 spriggan air magi (D)
  4 anacondas (D)
  2 ice dragons (D)
  9 hydras (D)
  A catoblepas (D)
  A centaur warrior (D)
  2 satyrs (D)
  A death yak (shapeshifter) (D)
  A death yak (D)
  A shock serpent (shapeshifter) (D)
  7 deep elf knights (D)
  10 spriggan berserkers (D)
  2 soul eaters (D)
  A hell hog (D)
  A death drake (D)
  A spriggan druid (D)
  An anubis guard (shapeshifter) (D)
  A deep troll (shapeshifter) (D)
  A swamp dragon (D)
  2 deep elf summoners (D)
  A shambling mangrove (D)
  An orb spider (D)
  A wolf spider (D)
  A faun (D)
  2 shining eyes (D)
  A hornet (shapeshifter) (D)
  5 hornets (D)
  11 cyclopes (D)
  A faun (shapeshifter) (D)
  A wolf spider (shapeshifter) (D)
  A manticore (shapeshifter) (D)
  2 oklob plants (D)
  3 deep elf conjurers (D)
  2 moths of wrath (D)
  An elephant (D)
  A guardian serpent (shapeshifter) (D)
  4 black mambas (D)
  2 eyes of devastation (D)
  8 guardian serpents (D)
  A hellion (D)
  9 naga magi (D)
  5 spiny frogs (D)
  6 komodo dragons (D)
  2 demonic crawlers (D)
  10 yaktaurs (D)
  2 fire drakes (D)
  2 komodo dragons (shapeshifter) (D)
  A spiny frog (shapeshifter) (D)
  A dryad (D)
  A deep elf priest (D)
  A red devil (D)
  A polar bear (shapeshifter) (D)
  A freezing wraith (D)
  A jumping spider (shapeshifter) (D)
  2 two-headed ogres (D)
  A blue devil (D)
  A small abomination (D)
  2 merfolk (D)
  2 wind drakes (shapeshifter) (D)
  A blink frog (D)
  A blink frog (shapeshifter) (D)
  3 jumping spiders (D)
  A raiju (shapeshifter) (D)
  2 slime creatures (D)
  A trapdoor spider (shapeshifter) (D)
  2 boulder beetles (D)
  3 wyverns (D)
  2 redbacks (D)
  2 redbacks (shapeshifter) (D)
  A vampire (D)
  3 tarantellas (D)
  7 spriggans (D)
  4 deep elf magi (D)
  3 trapdoor spiders (D)
  A shadow (D)
  3 yaks (D)
  2 basilisks (D)
  4 deep elf fighters (D)
  A human (shapeshifter) (D)
  2 neqoxecs (D)
  A golden eye (shapeshifter) (D)
  11 nagas (D)
  A hippogriff (shapeshifter) (D)
  2 steam dragons (D)
  8 hippogriffs (D)
  2 wolves (D)
  18 water moccasins (D)
  7 wasps (D)
  2 necrophages (D)
  3 hell hounds (D)
  3 ogres (D)
  2 spiders (D)
  3 swamp drakes (D)
  A black bear (D)
  A phantom (D)
  2 centaurs (D)
  4 crocodiles (D)
  3 giant frogs (D)
  A scorpion (shapeshifter) (D)
  A wight (D)
  A crimson imp (D)
  A jelly (D)
  2 quasits (D)
  2 iron imps (D)
  An iguana (D)
  5 sheep (D)
  5 river rats (D)
  3 adders (D)
  2 ufetubi (D)
  A spectral adder (D)
  2 adder zombies (D)
  2 adder skeletons (D)
  A bat skeleton (D)
  2 bat zombies (D)
  A giant cockroach (shapeshifter) (D)
  2 ball pythons (D)
  5 giant cockroach zombies (D)
  A giant gecko zombie (D)
  2 jackal skeletons (D)
  A spectral giant cockroach (D)
  A spectral quokka (D)
  3 butterflies (D)
  4 crawling corpses (D)
  29 fire vortices (D)
550 creatures vanquished.

Vanquished Creatures (collateral kills)
  A lich (D)
  A draconian zealot (D)
  A green draconian (D)
  A yellow draconian (D)
  A red draconian (D)
  A purple draconian (D)
  A death yak (D)
  A yaktaur (D)
  A river rat (D)
9 creatures vanquished.

Vanquished Creatures (others)
  A draconian knight (D)
  3 spriggan defenders (D)
  A deep elf annihilator (D)
  A deep elf high priest (D)
  A spriggan (D)
  2 deep elf fighters (D)
  A bat skeleton (D)
  64 fire vortices (D)
  21 fulminant prisms (D)
95 creatures vanquished.

Grand Total: 654 creatures vanquished

Action                   |  1- 3 |  4- 6 |  7- 9 | 10-12 | 13-15 | 16-18 | 19-21 || total
-------------------------+-------+-------+-------+-------+-------+-------+-------++-------
Melee: Lance             |     3 |    18 |    15 |    10 |       |       |       ||    46
       Staff             |       |       |       |     3 |       |     2 |       ||     5
 Cast: Fireball          |       |       |    14 |    32 |    51 |    24 |       ||   121
       Delayed Fireball  |       |       |     3 |       |       |     1 |       ||     4
       Ring of Flames    |       |       |       |     6 |     7 |     2 |       ||    15
       Fulminant Prism   |       |       |       |     4 |     7 |    10 |       ||    21
       Bolt of Fire      |       |       |       |     3 |     1 |     1 |       ||     5
       Tornado           |       |       |       |       |     5 |     4 |       ||     9
       Orb of Destructio |       |       |       |       |       |     3 |       ||     3
       Fire Storm        |       |       |       |       |       |    23 |    11 ||    34
       Repel Missiles    |       |       |       |       |       |     1 |       ||     1
 Abil: Release Delayed F |       |       |     2 |       |     1 |       |       ||     3
       Evoke Berserk Rag |       |       |       |     1 |       |       |       ||     1
Evoke: Staff of energy   |       |       |       |    13 |    10 |     5 |       ||    28
       Deck              |       |       |       |       |    10 |     2 |       ||    12
       Wand              |       |       |       |       |     1 |     6 |       ||     7
  Use: Potion            |     6 |     5 |    12 |     2 |    23 |       |     1 ||    49
       Scroll            |       |       |     1 |       |     3 |     4 |     1 ||     9
 Stab: Sleeping          |     1 |       |       |       |       |       |       ||     1
       Invisible         |       |     4 |       |       |       |       |       ||     4
  Eat: Fruit             |       |       |     8 |     6 |       |       |       ||    14
       Chunk             |       |       |       |       |     2 |    26 |       ||    28
       Royal jelly       |       |       |       |       |       |     6 |       ||     6

Vault maps used:
D:        sprint_v
